 Dungeon Crawl Stone Soup version 0.23-a0-650-ga4d50d4 (webtiles) character file.

33 Borgoz the Sneak (level 3, 0/22 HPs)
             Began as a Kobold Assassin on Jan 2, 2019.
             Engulfed by a cloud of flame (22 damage)
             ... on level 1 of the Dungeon.
             The game lasted 00:03:08 (1298 turns).

Borgoz the Sneak (Kobold Assassin)                  Turns: 1298, Time: 00:03:09

Health: 0/22       AC:  3    Str:  9    XL:     3   Next: 47%
Magic:  3/3        EV: 21    Int: 12    God:
Gold:   48         SH:  0    Dex: 16    Spells: 2/2 levels left

rFire    . . .     SeeInvis .   a - +2 dagger
rCold    . . .     Gourm    .   (shield restricted)
rNeg     . . .     Faith    .   c - +0 robe
rPois    +         Spirit   .   (no helmet)
rElec    .         Reflect  .   d - +0 cloak
rCorr    .         Harm     .   (no gloves)
MR       .....                  (no boots)
Stlth    +++.......             (no amulet)
HPRegen  0.07/turn              n - ring of poison resistance
MPRegen  0.08/turn              i - +6 ring of evasion

@: no status effects
A: small, carnivore
a: no special abilities


You were on level 1 of the Dungeon.
You were full.

You visited 1 branch of the dungeon, and saw 2 of its levels.

You collected 48 gold pieces.

Inventory:

Hand Weapons
 a - a +2 dagger (weapon)
 b - a +0 blowgun
 k - a +1 short sword of holy wrath
Missiles
 e - 8 poisoned needles
 f - 2 curare-tipped needles
Armour
 c - a +0 robe (worn)
 d - a +0 cloak (worn)
Jewellery
 i - a +6 ring of evasion (right hand)
 l - an uncursed ring of flight
 n - a ring of poison resistance (left hand)
Scrolls
 h - a scroll of remove curse {unknown}
 j - a scroll of fear {unknown}
 o - 2 scrolls of amnesia
Potions
 m - a potion of agility {unknown}
 p - a potion of invisibility {unknown}
 q - a potion of cancellation
Comestibles
 g - a ration


   Skills:
 + Level 2.6 Fighting
 * Level 3.7 Short Blades
 - Level 2.1 Throwing
 + Level 1.9 Dodging
 + Level 5.6 Stealth


You had 2 spell levels left.
You didn't know any spells.
Your spell library was empty.

Dungeon Overview and Level Annotations

Branches:
Dungeon (2/15)

Altars:


Innate Abilities, Weirdness & Mutations

You are small and have problems with some larger weapons.
You are carnivorous and can eat meat at any time.


Message History

You kill the bat!
No target in view!
No target in view!
You see here a bat corpse.
You butcher the bat corpse.
j - a chunk of flesh You see here a bat skeleton.
Eating a chunk of flesh.
You eat the chunk of flesh.
This raw flesh tastes great.
j - a scroll labeled HADDESOWOUF You see here a bat skeleton.
There is a stone staircase leading down here.
You see here a club.
Partly explored, can't reach some places.
Partly explored, can't reach some places.
Really walk into a travel-excluded area?
Okay, then.
You are engulfed in blazing flames.
Ouch! That really hurt!
You die...

########## #........##
########.#####...# #........#
#○@°# #.#####..# #☼☼§#
##.#####..# #§§☼#
..........#####..!#####
##.#.......§°☼......○§.##########
...........○§§.....☼°☼...........
##.#.#.#....§☼.$.$.°§........####
#.#..###.#####...##########.####
#.#.## #.# #○§°# #.#...


There were no monsters in sight!

Vanquished Creatures
  2 oozes (D:1)
  2 dart slugs (D:1)
  7 bats (D:1)
  2 giant cockroaches (D:1)
  A goblin (D:1)
  2 hobgoblins (D:1)
  2 kobolds (D:1)
  2 rats (D:1)
20 creatures vanquished.

Vanquished Creatures (others)
  A rat (D:1)
1 creature vanquished.

Grand Total: 21 creatures vanquished

Notes
Turn   | Place    | Note
-------+----------+-------------------------------------------
     0 | D:1      | Borgoz the Kobold Assassin began the quest for the Orb.
     0 | D:1      | Reached XP level 1. HP: 12/12 MP: 1/1
   348 | D:1      | Reached XP level 2. HP: 18/18 MP: 2/2
   707 | D:1      | Reached XP level 3. HP: 22/22 MP: 3/3
  1298 | D:1      | Engulfed by a cloud of flame

Vault maps used:
D:1:      psy_arrival_conway, lemuel_flame_loot_1
D:2:      minmay_crystal_room, uniq_crazy_yiuf_cottage

Skill      XL: |  1 |
---------------+----+-----
Short Blades   | 3 |  3.7
Fighting       | |  2.6
Throwing       | |  2.1
Dodging        | |  1.9
Stealth        | |  5.6

Action                   || total
-------------------------++-------
Melee: Dagger            ||    76
  Use: Scroll            ||     3
 Stab: Sleeping          ||     9
  Eat: Chunk             ||     6
Armor: Robe              ||    18
Dodge: Dodged            ||    60

Table legend:
 A = Non-vault XP
 B = Vault XP
 C = Vault XP percentage of total XP
 D = Non-vault monster count
 E = Vault monster count
 F = Vault count percentage of total count
                 A         B        C        D         E       F
            +---------+---------+-------+---------+---------+-------
      Total |      48 |       0 |   0.0 |      20 |       0 |   0.0
            +---------+---------+-------+---------+---------+-------
        D:1 |      48 |       0 |   0.0 |      20 |       0 |   0.0
            +---------+---------+-------+---------+---------+-------
